 Dungeon Crawl Stone Soup version 0.24.1 (webtiles) character file.

Game seed: 12303253954834966742, levelgen mode: deterministic

131 gosser the Covered (level 4, -12/35 HPs)
             Began as a Demonspawn Fighter on Apr 2, 2020.
             Mangled by an ogre
             ... wielding a +0 giant club
              (14 damage)
             ... on level 3 of the Dungeon.
             The game lasted 00:24:18 (2875 turns).

gosser the Covered (Demonspawn Fighter)             Turns: 2875, Time: 00:24:18

Health: -12/35     AC:  8    Str: 19 (21) XL:     4   Next: 91%
Magic:  4/4        EV:  7    Int:  8 (11) God:
Gold:   143        SH:  9    Dex: 10 (12) Spells: 3/3 levels left

rFire    + . .     SeeInvis .   g - +2 dagger (venom)
rCold    . . .     Gourm    .   c - +0 shield
rNeg     . . .     Faith    .   b - +1 scale mail
rPois    .         Spirit   .   (no helmet)
rElec    .         Reflect  .   (no cloak)
rCorr    .         Harm     .   (no gloves)
MR       .....                  (no boots)
Stlth    +.........             (no amulet)
HPRegen  0.11/turn              (no ring)
MPRegen  0.09/turn              (no ring)

@: mighty, lethally poisoned (-12 -> -27)
A: blink, fire resistance 1, nightstalker 1, powered by pain 1
a: Blink


You were on level 3 of the Dungeon.
You were not hungry.

You visited 1 branch of the dungeon, and saw 3 of its levels.

You collected 143 gold pieces.

Inventory:

Hand Weapons
 a - a +0 flail
 e - a +0 short sword
 g - a +2 dagger of venom (weapon)
 i - a +0 hunting sling
 m - a +0 halberd of freezing
 n - a +0 war axe
Missiles
 j - 19 arrows
 p - 5 poisoned darts (quivered)
Armour
 b - a +1 scale mail (worn)
 c - a +0 shield (worn)
 k - a +0 scale mail
 l - a +0 leather armour
Scrolls
 h - a scroll of remove curse
Potions
 d - 2 potions of might
 o - a potion of ambrosia
Comestibles
 f - 8 rations


   Skills:
 + Level 3.4 Fighting
 + Level 0.1 Short Blades
 + Level 2.6 Maces & Flails
 + Level 3.7 Armour
 + Level 0.8 Dodging
 + Level 3.4 Shields


You had 3 spell levels left.
You didn't know any spells.
Your spell library was empty.

Dungeon Overview and Level Annotations

Branches:
Dungeon (3/15)

Altars:


Innate Abilities, Weirdness & Mutations

You are slightly more attuned to the shadows.
You sometimes gain a little power by taking damage.
You can translocate small distances at will.
Your flesh is heat resistant. (rF+)


Message History

You are more poisoned.
You block the ogre's attack.
You feel sick.
You see here a jackal corpse.
You hit the kobold.
The kobold is poisoned.
The kobold is moderately wounded.
You feel sick. You block the kobold's attack.
You feel sick.
You barely miss the ogre.
You feel sick. The ogre barely misses you. You block the kobold's attack.
You closely miss the kobold.
The kobold is moderately wounded.
You feel sick. The ogre hits you with a +0 giant club!
* * * LOW HITPOINT WARNING * * *
The kobold closely misses you.
You feel very mighty all of a sudden.
* * * LOW HITPOINT WARNING * * *
You feel sick.
The kobold looks more healthy.
You block the kobold's attack. The ogre hits you with a +0 giant club!
You die...

#................#.#
###.#.##.#..........
##...##.#.......#..
##.......#..#.###...
#........##.#.....##
..#.........####...#
###......##......#.#
#####..............>..
#(w(O@......###....†..
.....(...K.................
.......###.....##..........
....(### #.....#####......#
..... ####### #......#
..... #......# ####
########


You could see an ogre, a worm and a kobold.

Vanquished Creatures
  3 gnolls (D:2)
  4 adders
  An ooze (D:2)
  A worm (D:2)
  4 dart slugs
  2 leopard geckos
  A giant cockroach (D:1)
  7 hobgoblins
  8 jackals
  4 kobolds (D:1)
  A ball python (D:1)
  4 bats
  7 frilled lizards
  2 goblins (D:1)
  5 rats
54 creatures vanquished.

Notes
Turn   | Place    | Note
-------+----------+-------------------------------------------
     0 | D:1      | gosser the Demonspawn Fighter began the quest for the Orb.
     0 | D:1      | Reached XP level 1. HP: 18/18 MP: 1/1
   259 | D:1      | Gained mutation: You sometimes gain a little power by
                  | taking damage. [demonic ancestry]
   259 | D:1      | Reached XP level 2. HP: 23/24 MP: 2/2
   598 | D:1      | Reached XP level 3. HP: 28/29 MP: 3/3
  1930 | D:2      | Gained mutation: You can translocate small distances at
                  | will. [potion of mutation]
  1930 | D:2      | Gained mutation: Your flesh is heat resistant. (rF+)
                  | [potion of mutation]
  2227 | D:2      | Gained mutation: You are slightly more attuned to the
                  | shadows. [demonic ancestry]
  2227 | D:2      | Reached XP level 4. HP: 29/35 MP: 4/4
  2864 | D:3      | Noticed an ogre
  2875 | D:3      | Mangled by an ogre

Levels and vault maps discovered:
D:1:      dpeg_arrival_circle_labyrinth_c, layout_loops_ring, glass_columns_b,
          hangedman_decor_opposing
D:2:      layout_basic
D:3:      layout_rooms, overflow_temple_1_default, lemuel_doored_altar,
          first_ration, mrwooster_statue_mirror, dk_noncrumbling_3,
          grunt_ministairs_11

Skill      XL: |  1  2  3 |
---------------+----------+-----
Maces & Flails | 2 |  2.6
Shields        | 3 |  3.4
Armour         | 3 |  3.7
Fighting       | |  3.4
Short Blades   | |  0.1
Dodging        | |  0.8

Action                   |  1- 3 |  4- 6 || total
-------------------------+-------+-------++-------
Melee: Flail             |    11 |       ||    11
       Dagger            |    95 |    61 ||   156
Throw: Dart              |       |     3 ||     3
  Use: Potion            |     8 |     2 ||    10
       Scroll            |     7 |     1 ||     8
  Eat: Ration            |     2 |       ||     2
Armor: Scale mail        |    53 |    12 ||    65
Dodge: Dodged            |    32 |    18 ||    50
Block: Shield            |    47 |    34 ||    81
